 Dungeon Sprint DCSS version 0.22.1-2-g9c5b331 (webtiles) character file.

5089 mimixer the Brawler (level 10, -27/111 HPs)
             Began as a Troll Berserker on Dec 6, 2018.
             Was a High Priest of Trog.
             Annihilated by a lorocyproca (30 damage)
             ... in the Dungeon (Sprint I: "Red Sonja").
             The game lasted 00:18:38 (1131 turns).

mimixer the Brawler (Troll Berserker)               Turns: 1131, Time: 00:18:39

Health: -27/111    AC:  5    Str: 30    XL:     10   Next: 32%
Magic:  0/9        EV: 15    Int:  3    God:    Trog [*****.]
Gold:   507        SH:  0    Dex:  9    Spells: 9/9 levels left

rFire    . . .     SeeInvis .     - Unarmed
rCold    . . .     Gourm    +   (no shield)
rNeg     . . .     Faith    .   a - +0 animal skin
rPois    .         Spirit   .   (helmet restricted)
rElec    .         Reflect  .   (no cloak)
rCorr    .         Harm     .   (gloves unavailable)
MR       .....     NoTele   +   (boots unavailable)
Stlth    +.........             (no amulet)
HPRegen  0.68/turn              (no ring)
MPRegen  0.11/turn              (no ring)

@: confused, hasted, very quick
A: large, unfitting armour, claws 3, fast metabolism 3, gourmand, regeneration
1, shaggy fur 1, tough skin 2
a: Berserk, Trog's Hand, Brothers in Arms, Renounce Religion


You were in the Dungeon.
You worshipped Trog.
Trog was extremely pleased with you.
You were not hungry.

You visited 1 branch You collected 967 gold pieces.
You spent 460 gold pieces at shops.

Inventory:

Hand Weapons
 m - a +4 antimagic dire flail
Armour
 a - a +0 animal skin (worn)
 i - a +1 hat
 n - a +1 troll leather armour
Wands
 b - a wand of digging (8)
 o - a wand of random effects (33)
Scrolls
 h - a scroll of blinking
 j - 2 scrolls of identify
 p - a scroll of magic mapping
 q - 2 scrolls of remove curse
 r - a scroll of fear
 t - a scroll of fog
Potions
 c - 3 potions of curing
 d - a potion of agility {unknown}
 f - 3 potions of magic
 g - a potion of berserk rage
 k - a potion of degeneration {unknown}
Comestibles
 l - 2 rations


   Skills:
 + Level 10.4 Fighting
 + Level 11.6 Dodging
 + Level 1.1 Stealth
 + Level 16.2 Unarmed Combat


You had 9 spell levels left.
You didn't know any spells.
Your spell library was empty.

Dungeon Overview and Level Annotations

Branches:
Dungeon (1/1)

Altars:
Cheibriados
Dithmenos
Elyvilon
Fedhas
Gozag
Hepliaklqana
Kikubaaqudgha
Makhleb
Nemelex Xobeh
Okawaru
Qazlal
Ru
Sif Muna
Trog
Uskayaw
Vehumet
Wu Jian
Xom
Yredelemnul
Zin
The Shining One
Jiyva
Lugonu

Shops:
D ?[[

Annotations:
D exclusion: oklob plant


Innate Abilities, Weirdness & Mutations

You are too large for most types of armour.
You have claws for hands.
Your metabolism is lightning-fast.
You like to eat raw meat.
Your natural rate of healing is unusually fast.
You are covered in fur. (AC +1)
You have very tough skin. (AC +2)


Message History

You are more confused.
* * * LOW HITPOINT WARNING * * *
An arrow misses something!
There is an open door here.
You see here a mace.
You are engulfed in noxious fumes.
* * * LOW HITPOINT WARNING * * *
You are engulfed in noxious fumes.
You choke on the stench!
You are more confused.
There is an open door here.
You see here a mace.
You're too confused!
You bump into the stone wall.
Something hits you.
* * * LOW HITPOINT WARNING * * *
There is an open door here.
Something hits you!!
* * * LOW HITPOINT WARNING * * *
You feel your power leaking away.
You bump into the rock wall.
Something hits you!!
You die...

###################
..'..#__#..)...#(.#
).#..'..'..#...##'#
####'#__####...'@.# ##
...#(####(§#####..+ +#$###
..##.#§§≈§.#..##)####..$#y#
#'#_()≈§≈§.§..#..§§.#..$###
').._#§≈≈.§#§§#.§§§.'..$$$#
#_(#'##'#####+###§.§#^....#
##'#.#.)..###P'$#§§§###++##
##.####§###.###§#.§##
+...'.....'.∩# §#§§#


There were no monsters in sight!

Vanquished Creatures
  2 centaur warriors (D)
  Sonja (D)
  A deep troll (D)
  A gargoyle (D)
  2 kobold demonologists (D)
  4 demonic crawlers (D)
  A hornet (D)
  A slime creature (D)
  Sigmund (D)
  A yak (D)
  A floating eye (D)
  An ogre (D)
  A jelly (D)
  Ijyb (D)
  2 ballistomycetes (D)
  A ballistomycete spore (D)
22 creatures vanquished.

Vanquished Creatures (others)
  A gargoyle (D)
  A ballistomycete spore (D)
2 creatures vanquished.

Grand Total: 24 creatures vanquished

Notes
Turn   | Place    | Note
-------+----------+-------------------------------------------
     0 | D        | mimixer the Troll Berserker began the quest for the Orb.
     0 | D        | Reached XP level 1. HP: 22/22 MP: 0/0
     1 | D        | Noticed Ijyb
    56 | D        | Killed Ijyb
    56 | D        | Reached skill level 4 in Unarmed Combat
    56 | D        | Reached XP level 2. HP: 23/31 MP: 1/1
    77 | D        | Noticed an ogre
    82 | D        | Killed an ogre
    82 | D        | Reached skill level 5 in Dodging
    82 | D        | Reached skill level 6 in Unarmed Combat
    82 | D        | Reached XP level 3. HP: 17/41 MP: 2/2
    82 | D        | Reached XP level 4. HP: 20/49 MP: 3/3
   145 | D        | Noticed Sigmund
   151 | D        | Killed Sigmund
   151 | D        | Reached ** piety under Trog
   151 | D        | Reached skill level 8 in Unarmed Combat
   151 | D        | Reached XP level 5. HP: 52/59 MP: 4/4
   151 | D        | Reached XP level 6. HP: 59/67 MP: 5/5
   164 | D        | Found a deep blue altar of Sif Muna.
   165 | D        | Found an ornate altar of the Wu Jian Council.
   167 | D        | Found a radiant altar of Vehumet.
   193 | D        | Found Wuepryxu's Armour Emporium.
   193 | D        | Found an ancient bone altar of Kikubaaqudgha.
   193 | D        | Found a hazy altar of Hepliaklqana.
   193 | D        | Found a stormy altar of Qazlal.
   193 | D        | Found a hide-covered altar of Uskayaw.
   193 | D        | Found a blossoming altar of Fedhas.
   193 | D        | Found a bloodstained altar of Trog.
   193 | D        | Found an iron altar of Okawaru.
   193 | D        | Found a basalt altar of Yredelemnul.
   193 | D        | Found a glowing golden altar of the Shining One.
   193 | D        | Found a snail-covered altar of Cheibriados.
   193 | D        | Found a sacrificial altar of Ru.
   193 | D        | Found a glowing silver altar of Zin.
   193 | D        | Found a shadowy altar of Dithmenos.
   193 | D        | Found a white marble altar of Elyvilon.
   193 | D        | Noticed a yak
   197 | D        | Killed a yak
   197 | D        | Reached skill level 9 in Unarmed Combat
   198 | D        | Found an opulent altar of Gozag.
   199 | D        | Found a sparkling altar of Nemelex Xobeh.
   203 | D        | Bought a +1 hat for 143 gold pieces
   224 | D        | Noticed a centaur warrior
   231 | D        | Found a burning altar of Makhleb.
   231 | D        | Found a viscous altar of Jiyva.
   231 | D        | Found a shimmering altar of Xom.
   231 | D        | Found a corrupted altar of Lugonu.
   231 | D        | Noticed a slime creature
   241 | D        | Killed a slime creature
   241 | D        | Reached *** piety under Trog
   241 | D        | Reached skill level 10 in Unarmed Combat
   241 | D        | Reached XP level 7. HP: 40/78 MP: 6/6
   314 | D        | Noticed a kobold demonologist
   314 | D        | Noticed a kobold demonologist
   322 | D        | Noticed a ynoxinul
   329 | D        | Killed a kobold demonologist
   329 | D        | Reached skill level 11 in Unarmed Combat
   334 | D        | Killed a kobold demonologist
   334 | D        | Reached **** piety under Trog
   334 | D        | Reached XP level 8. HP: 89/89 MP: 7/7
   397 | D        | Noticed a demonic crawler
   397 | D        | Noticed a demonic crawler
   397 | D        | Noticed a demonic crawler
   397 | D        | Noticed a demonic crawler
   410 | D        | Killed a demonic crawler
   410 | D        | Reached skill level 12 in Unarmed Combat
   412 | D        | Killed a demonic crawler
   414 | D        | Killed a demonic crawler
   414 | D        | Reached ***** piety under Trog
   414 | D        | Reached skill level 10 in Dodging
   414 | D        | Reached skill level 13 in Unarmed Combat
   414 | D        | Reached XP level 9. HP: 28/98 MP: 8/8
   416 | D        | Killed a demonic crawler
   552 | D        | Noticed a gargoyle
   565 | D        | Killed a gargoyle
   565 | D        | Reached skill level 14 in Unarmed Combat
   598 | D        | Noticed Sonja
   606 | D        | Killed Sonja
   687 | D        | Noticed a centaur warrior
   696 | D        | Killed a centaur warrior
   696 | D        | Reached skill level 10 in Fighting
   696 | D        | Reached skill level 15 in Unarmed Combat
   741 | D        | Killed a centaur warrior
   741 | D        | Reached skill level 1 in Stealth
   741 | D        | Reached XP level 10. HP: 65/110 MP: 9/9
   815 | D        | Noticed an oklob plant
   838 | D        | Noticed a deep troll
   848 | D        | Killed a deep troll
   848 | D        | Received a gift from Trog
   848 | D        | Reached skill level 16 in Unarmed Combat
   918 | D        | Found Gadag's Armour Emporium.
   947 | D        | Found Owad Nai's Magic Scroll Boutique.
   955 | D        | Bought a scroll of magic mapping for 45 gold pieces
   955 | D        | Bought a scroll of remove curse for 39 gold pieces
   955 | D        | Bought a scroll of identify for 26 gold pieces
   955 | D        | Bought a scroll of remove curse for 39 gold pieces
   955 | D        | Bought a scroll of fear for 45 gold pieces
   955 | D        | Bought a scroll of enchant armour for 97 gold pieces
   955 | D        | Bought a scroll of fog for 26 gold pieces
   963 | D        | Noticed a shining eye
   963 | D        | Noticed a shining eye
   963 | D        | Noticed a shining eye
   963 | D        | Noticed a shining eye
   963 | D        | Noticed a shining eye
   963 | D        | Noticed a shining eye
  1053 | D        | Killed a gargoyle
  1130 | D        | HP: 2/111 [something (18)]
  1131 | D        | Annihilated by a lorocyproca

Skill      XL: |  1  2  3  4  5  6  7  8  9 10 |
---------------+-------------------------------+-----
Fighting       | 3 4 6 7 8 9 10 | 10.4
Dodging        | 3 5 6 8 9 10 11 | 11.6
Unarmed Combat | 4 6 8 10 11 13 15 16 | 16.2
Stealth        | 1 |  1.1

Action                   |  1- 3 |  4- 6 |  7- 9 | 10-12 || total
-------------------------+-------+-------+-------+-------++-------
Melee: Unarmed           |    25 |    20 |    49 |    16 ||   110
       Punch             |       |     1 |     3 |     1 ||     5
Invok: Berserk           |       |       |     3 |     1 ||     4
  Use: Potion            |       |       |     1 |     1 ||     2
       Scroll            |       |       |       |     1 ||     1
 Stab: Sleeping          |       |       |       |     1 ||     1
  Eat: Ration            |       |       |     2 |       ||     2
       Chunk             |       |       |     1 |     4 ||     5
Armor: Animal skin       |     2 |     4 |    15 |     3 ||    24
Dodge: Dodged            |    13 |     3 |    36 |     6 ||    58
